 Dungeon Crawl Stone Soup version 0.28-a0-175-gb2089b6bb7 (webtiles) character file.

Game seed: 3459416465458287359

665 Ishikawa the Slasher (level 7, 0/53 HPs)
             Began as a Demonspawn Fighter on Aug 17, 2021.
             Was a Believer of Okawaru.
             Slain by an ogre (19 damage)
             ... on level 4 of the Dungeon.
             The game lasted 00:18:37 (4091 turns).

Ishikawa the Slasher (Demonspawn Fighter)           Turns: 4091, Time: 00:18:38

Health: 0/53       AC:  9    Str: 18      XL:     7   Next: 31%
Magic:  7/7        EV:  7    Int:  7 (9)  God:    Okawaru [**....]
Gold:   130        SH:  8    Dex: 11 (13) Spells: 6/6 levels left

rFire   . . .      SeeInvis .   a - +1 long sword
rCold   . . .      Faith    .   c - +0 kite shield
rNeg    . . .      Spirit   .   b - +0 scale mail
rPois   .          Reflect  .   (helmet restricted)
rElec   .          Harm     .   g - +0 cloak
rCorr   .          Rampage  .   s - +0 pair of gloves
Will    .....                   (no boots)
Stlth   ..........              (no amulet)
HPRegen 0.17/turn               (no ring)
MPRegen 0.10/turn               (no ring)

@: no status effects
A: horns 1, powered by death 1, spiny 1
a: Renounce Religion, Heroism


You were on level 4 of the Dungeon.
You worshipped Okawaru.
Okawaru was pleased with you.
You visited 1 branch of the dungeon, and saw 4 of its levels.

You collected 130 gold pieces.

Inventory:

Hand Weapons
 a - a +1 long sword (weapon)
 u - a +6 dire flail
 v - a +3 hand axe
Armour
 b - a +0 scale mail (worn)
 c - a +0 kite shield (worn)
 g - a +0 cloak (worn)
 m - a +0 scale mail
 s - a +0 pair of gloves (worn)
Jewellery
 q - a ring of see invisible
Scrolls
 e - a scroll of enchant armour {unknown}
 i - a scroll of enchant weapon
 n - a scroll of amnesia {unknown}
 p - a scroll of fear
 r - a scroll of blinking
 t - a scroll of identify {unknown}
 w - a scroll of torment {unknown}
Potions
 d - a potion of might
 f - a potion of magic {unknown}
 h - a potion of ambrosia
 j - a potion of flight {unknown}
 k - a potion of berserk rage
 l - 2 potions of degeneration
 o - 2 potions of heal wounds {unknown}


   Skills:
 + Level 3.8 Fighting
 * Level 5.5 Long Blades
 + Level 4.1 Armour
 + Level 1.4 Dodging
 + Level 3.7 Shields


You had 6 spell levels left.
You didn't know any spells.
Your spell library contained the following spells:

 Spells                   Type           Power      Damage    Failure   Level
 Gell's Gravitas          Tloc           0%         N/A       100%        3
 Teleport Other           Tloc           0%         N/A       100%        3
 Dispersal                Tloc           0%         N/A       100%        6


Dungeon Overview and Level Annotations

Branches:
Dungeon (4/15)
 Temple: D:4-7

Altars:
Elyvilon
Okawaru

Shops:
D:4 [

Annotations:
D:4 Natasha


Innate Abilities, Weirdness & Mutations

You have a pair of small horns on your head.
You regenerate a little health from kills.
You are partially covered in sharp spines.


Message History

The goblin shoots a stone.
The stone barely misses you.
The goblin shoots a stone.
The stone barely misses you.
The goblin shoots a stone.
The stone hits you but does no damage.
The goblin shoots a stone.
You block the stone.
The goblin shoots a stone.
You block the stone.
The goblin shoots a stone.
The stone hits you but does no damage.
Found 8 arrows.
The goblin shoots a stone.
The stone hits you.
The goblin shoots a stone.
The stone hits you but does no damage.
The goblin shoots a stone.
You block the stone.
The goblin shoots a stone.
The stone hits you.
The goblin shoots a stone.
You block the stone.
The goblin shoots a stone.
You block the stone.
The goblin unwields a +0 hunting sling.
The goblin wields a +0 club.
The goblin hits you but does no damage.
You hit the goblin.
The goblin is moderately wounded.
You block the goblin's attack.
You hit the goblin.
The goblin is severely wounded.
You block the goblin's attack.
You slash the goblin!
You kill the goblin!
Okawaru accepts your kill.
Things that are here:
a +0 club; a +0 hunting sling; 15 stones
There is a white marble altar of Elyvilon here.
An ogre comes into view. It is wielding a +0 giant club.
The ogre shouts!
Things that are here:
a +0 club; a +0 hunting sling; 15 stones Natasha, Servant of Life and Death comes into view.
You hit the ogre. You headbutt the ogre.
The ogre is moderately wounded.
The ogre hits you with a +0 giant club!
You hit the ogre.
You headbutt the ogre, but do no damage.
The ogre is moderately wounded.
The ogre hits you with a +0 giant club!!
You die...

### #.# #.# . #.# .###
#.# ....###### #@#
.........#######O######
.).#....................
.......≈≈≈≈≈≈≈.#.######.
......≈≈≈≈≈≈.....####.
#.....≈≈_.)..8.....(..
......≈≈≈≈≈≈...h......
###....≈≈≈≈≈≈≈........
##..........h........#


You could see an ogre and Natasha.

Vanquished Creatures
  Sigmund (D:3)
  An ogre (D:4)
  2 scorpions (D:4)
  2 wights (D:4)
  An orc priest (D:4)
  Natasha (D:4)
  An orc wizard (D:4)
  2 hound skeletons (D:4)
  A howler monkey skeleton (D:4)
  2 adders
  An adder skeleton (D:4)
  A worm (D:2)
  2 dart slugs
  3 orcs
  6 bats
  5 endoplasms
  A giant cockroach (D:2)
  10 goblins
  3 hobgoblins
  7 jackals (D:2)
  6 kobolds
  4 quokkas
  9 ball pythons
  13 frilled lizards
  4 rats
89 creatures vanquished.

Vanquished Creatures (others)
  33 plants
33 creatures vanquished.

Grand Total: 122 creatures vanquished

Notes
Turn   | Place    | Note
-------+----------+-------------------------------------------
     0 | D:1      | Ishikawa the Demonspawn Fighter began the quest for the
                  | Orb.
     0 | D:1      | Reached XP level 1. HP: 18/18 MP: 1/1
    81 | D:1      | Found a faded altar of an unknown god.
    88 | D:1      | Became a worshipper of Warmaster Okawaru
    88 | D:1      | Reached * piety under Okawaru
   318 | D:1      | Found Mepin's Antique Weapon Emporium.
   472 | D:1      | Gained mutation: You have a pair of small horns on your
                  | head. [demonic ancestry]
   472 | D:1      | Reached XP level 2. HP: 13/24 MP: 2/2
   898 | D:1      | Reached skill level 2 in Long Blades
  1151 | D:2      | Reached XP level 3. HP: 21/29 MP: 3/3
  1916 | D:2      | Reached XP level 4. HP: 34/35 MP: 4/4
  2101 | D:2      | Reached skill level 3 in Long Blades
  2475 | D:3      | Noticed Sigmund
  2494 | D:3      | Killed Sigmund
  2495 | D:3      | Reached skill level 4 in Long Blades
  2495 | D:3      | Reached skill level 1 in Dodging
  2495 | D:3      | Reached XP level 5. HP: 27/41 MP: 5/5
  3603 | D:4      | Found Wenwa's Armour Emporium.
  3621 | D:4      | Gained mutation: You are partially covered in sharp spines.
                  | [demonic ancestry]
  3621 | D:4      | Reached XP level 6. HP: 47/47 MP: 6/6
  3692 | D:4      | Reached ** piety under Okawaru
  3924 | D:4      | Noticed Natasha
  3941 | D:4      | Killed Natasha
  3942 | D:4      | Reached skill level 5 in Long Blades
  3949 | D:4      | Gained mutation: You regenerate a little health from kills.
                  | [demonic ancestry]
  3949 | D:4      | Reached XP level 7. HP: 30/53 MP: 7/7
  4024 | D:4      | Identified the +1 ring mail of the Moon {Str-4 Dex+4}
  4085 | D:4      | Noticed Natasha
  4091 | D:4      | Slain by an ogre

Illustrated notes

Levels and vault maps discovered:
D:1:      giann_forest_graveyard, layout_loops_corners, serial_shops, shop,
          hellmonk_ecumenical_altar_heavens_door, minmay_cut_off
D:2:      layout_basic, minmay_lizard_king
D:3:      layout_loops_ring, serial_bayou, serial_bayou_shore_b,
          serial_bayou_shore_b, serial_bayou_ford_a, serial_bayou_lake_a,
          serial_bayou_pond_e, serial_bayou_pond_e, uniq_sigmund
D:4:      layout_rooms, mainiacjoe_overflow_catwalk, jmf_multi_god_temple2,
          serial_shops, nicolae_shop_waterfront, minmay_vboxes, uniq_natasha

Skill      XL: |  1  2  3  4  5  6  7 |
---------------+----------------------+-----
Shields        | 3 |  3.7
Long Blades    | 2 4 5 |  5.5
Armour         | 3 4 |  4.1
Dodging        | 1 |  1.4
Fighting       | |  3.8

Action                   |  1- 3 |  4- 6 |  7- 9 || total
-------------------------+-------+-------+-------++-------
Melee: Long sword        |   147 |   106 |    21 ||   274
       Headbutt          |    13 |    21 |     6 ||    40
  Use: Scroll            |     3 |     2 |       ||     5
       Potion            |       |     4 |       ||     4
Armor: Scale mail        |    79 |    26 |    11 ||   116
Dodge: Dodged            |    64 |    30 |    11 ||   105
Block: Kite shield       |    91 |    27 |    21 ||   139
       Rpst.: Long sword |    14 |     7 |     1 ||    22

Table legend: (Time is in decaauts)
 A = Elapsed time spent in this place.
 B = Non-inter-level travel time spent in this place.
 C = Inter-level travel time spent in this place.
 D = Time resting spent in this place.
 E = Time spent auto-exploring this place.
 F = Levels seen in this place.
 G = Mean time per level.
                   A        B        C        D        E       F      G
               +--------+--------+--------+--------+--------+-----+--------+
         Total |   4312 |   4240 |     72 |    232 |   2690 |   4 | 1078.0 |
       Dungeon |   4312 |   4240 |     72 |    232 |   2690 |   4 | 1078.0 |
               +--------+--------+--------+--------+--------+-----+--------+

Top non-repeatable levels by time:
     D:2: 1335 daAuts
     D:3: 1231 daAuts
     D:1: 1158 daAuts
     D:4: 586 daAuts
